 Dungeon Crawl Stone Soup version 0.28.0-53-g5a82cb258f (webtiles) character file.

Game seed: 3089317253698765156

231 CryoSword the Chopper (level 5, -2/41 HPs)
             Began as a Demonspawn Fighter on May 26, 2022.
             Killed by nerve-wracking pain
             ... invoked by an orc priest
              (12 damage)
             ... on level 3 of the Dungeon.
             The game lasted 00:01:54 (2385 turns).

CryoSword the Chopper (Demonspawn Fighter)          Turns: 2385, Time: 00:01:55

Health: -2/41      AC: 12    Str: 18    XL:     5   Next: 73%
Magic:  5/5        EV:  9    Int: 10    God:
Gold:   129        SH:  9    Dex: 12    Spells: 4/4 levels left

rFire   . . .      SeeInvis .   a - +0 war axe
rCold   . . .      Faith    .   c - +0 buckler
rNeg    . . .      Spirit   .   b - +0 scale mail
rPois   .          Reflect  +   (no helmet)
rElec   .          Harm     .   (no cloak)
rCorr   .          Rampage  .   (no gloves)
Will    .....                   (no boots)
Stlth   ..........              q - amulet of reflection
HPRegen 0.13/turn               (no ring)
MPRegen 0.09/turn               (no ring)

@: sanguine armoured
A: spiny 1, sanguine armour 1
a: no special abilities


You were on level 3 of the Dungeon.
You visited 1 branch of the dungeon, and saw 3 of its levels.

You collected 129 gold pieces.

Inventory:

Hand Weapons
 a - a +0 war axe (weapon)
Missiles
 g - a throwing net
 i - 11 boomerangs of dispersal (quivered) {!f}
 t - 2 poisoned darts
Armour
 b - a +0 scale mail (worn)
 c - a +0 buckler (worn)
Jewellery
 q - an amulet of reflection (around neck)
   (You found it on level 3 of the Dungeon)
Wands
 d - a wand of flame (14)
   (You took it off Sigmund on level 3 of the Dungeon)
Scrolls
 f - a scroll of torment {unknown}
 j - a scroll of amnesia {unknown}
 m - a scroll of vulnerability {unknown}
 o - a scroll of magic mapping {unknown}
 p - 2 scrolls of identify {unknown}
 r - a scroll of fog {unknown}
 u - a scroll of summoning {unknown}
Potions
 e - a potion of curing {unknown}
 h - a potion of cancellation {unknown}
 k - a potion of degeneration {unknown}
 l - a potion of flight {unknown}
 n - a potion of brilliance {unknown}
 s - a potion of heal wounds {unknown}


   Skills:
 - Level 3.0 Fighting
 + Level 5.5 Axes
 - Level 2.6 Armour
 - Level 2.6 Shields


You had 4 spell levels left.
You didn't know any spells.
Your spell library was empty.

Dungeon Overview and Level Annotations

Branches:
Dungeon (3/15)

Altars:
Uskayaw
Vehumet

Annotations:
D:3 1 runed translucent door, Crazy Yiuf


Innate Abilities, Weirdness & Mutations

You are partially covered in sharp spines.
When seriously injured, your blood forms armour. (AC +6)


Message History

There is a stone staircase leading up here.
q - an amulet of reflection You start putting on your amulet.
You continue putting on your amulet of reflection. x5
You finish putting on your amulet of reflection.
You feel a shielding aura gather around you.
q - an amulet of reflection (around neck)
There is a stone staircase leading up here.
There is an escape hatch in the ceiling here.
The shop is a mimic!
The shop mimic chuckles and vanishes in a puff of smoke!
Sigmund the Dreaded comes into view.
He is wielding a +0 scythe and carrying a wand of flame (16).
Sigmund zaps a wand.
The puff of flame hits you!
You start resting.
Sigmund is nearby!
Throw: throwing net
Aim: Sigmund, wielding a +0 scythe, wearing a +0 robe and carrying a wand of flame (15) (53% to hit)
You throw a throwing net.
The throwing net closely misses Sigmund.
Sigmund closely misses you.
You feel very mighty all of a sudden. You block Sigmund's attack.
You closely miss Sigmund. Sigmund hits you with a +0 scythe!
Your blood congeals into armour.
You slash Sigmund!
Sigmund zaps a wand.
The puff of flame reflects off an invisible shield around you!
The puff of flame hits Sigmund!
You closely miss Sigmund. Sigmund hits you with a +0 scythe.
* * * LOW HITPOINT WARNING * * *
You barely miss Sigmund. You block Sigmund's attack.
You barely miss Sigmund. You block Sigmund's attack.
You slash Sigmund!
You kill Sigmund!
Your Axes skill increases to level 5!
You have reached level 5!
d - a wand of flame (14);
g - a throwing net
Things that are here:
a +0 scythe; a +0 robe Your blood armour dries and flakes away.
You feel a little less mighty now.
p - 2 scrolls labelled MYPHOU EDEBYN (gained 1)
An endoplasm and a rat come into view.
The endoplasm quivers.
The endoplasm jiggles.
There are monsters nearby!
There are monsters nearby!
There are monsters nearby!
A goblin comes into view. It is wielding a +0 club.
The goblin shouts!
The rat is struck by your spines.
You kill the rat!
The endoplasm jiggles.
The endoplasm completely misses you.
You slash the endoplasm!
You kill the endoplasm!
You slash the goblin!
You kill the goblin!
No target in view!
No target in view!
No target in view!
No target in view!
No target in view!
Things that are here:
a +0 club; a goblin corpse; a rat corpse Could not explore, unopened door.
Could not explore, unopened door.
Could not explore, unopened door.
You open the door.
Found a scroll labelled ZUDOEC KIACY.
There is an open door here.
r - a scroll labelled ZUDOEC KIACY A giant cockroach comes into view.
Found 14 arrows.
A giant cockroach is nearby!
A giant cockroach is nearby!
You slash the giant cockroach!
You kill the giant cockroach!
No target in view!
No target in view!
No target in view!
No target in view!
No target in view!
No target in view!
s - a murky silvery potion A goblin comes into view.
It is wielding a +0 club.
The goblin shouts!
A goblin is nearby!
A goblin is nearby!
A goblin is nearby!
The goblin is struck by your spines.
You kill the goblin!
No target in view!
No target in view!
No target in view!
No target in view!
No target in view!
No target in view!
No target in view!
No target in view!
No target in view!
You now have 129 gold pieces (gained 18).
Found a radiant altar of Vehumet.
Found a robe.
Key pressed, stopping explore.
t - 2 poisoned darts No target in view!
u - a scroll labelled KEDWIEL IMPAORUH
Found a stone staircase leading up.
There is an open door here.
Things that are here:
a +0 club; a goblin skeleton; a rat skeleton
Things that are here:
a +0 scythe; a +0 robe
Found a mace.
Found a runed translucent door.
Crazy Yiuf shouts!
Crazy Yiuf yells, "Liver green senile!"
Crazy Yiuf says, "Ghoul verde shrimp!"
A worm comes into view.
A worm is nearby!
A worm is nearby!
An orc comes into view.
It is wielding a +0 trident and quivering boomerangs of dispersal.
The orc throws a boomerang of dispersal.
The boomerang of dispersal hits you.
You blink.
An orc priest and an orc come into view.
Found a stone staircase leading down.
The worm is struck by your spines. The worm bites you.
You barely miss the worm.
The orc priest shouts!
The orc shouts!
You hear a shout!
An orc comes into view. It is wielding a +0 hand axe.
An orc comes into view. It is wielding a +0 dagger.
The worm is struck by your spines. The worm bites you.
Your blood congeals into armour.
You are too injured to fight recklessly!
Unknown command.
An ogre comes into view. It is wielding a +0 giant club.
The ogre shouts!
The orc throws a boomerang of dispersal.
The boomerang of dispersal closely misses you.
You hit the ogre. The ogre is struck by your spines.
The ogre hits you but does no damage.
Your blood armour dries and flakes away.
The ogre is struck by your spines.
The ogre hits you with a +0 giant club!!
* * * LOW HITPOINT WARNING * * *
Your blood congeals into armour.
The orc priest mumbles some strange prayers to Beogh against you.
Pain shoots through your body!
You die...

#.....# #.............#
###.....##### #.............#
............###########).....#
..............................
###.....###..#######.##......#
.........###.#######.#........
.........# #...8.<...8........
.........####..<.).##########.
#....###........@..##.# #.
#.## #.....O.....##.# #.
#.##.# #.......######## #.
#.##.# #.......# ##' ..##.#
#.......##♣♣♣♣♣ #.. ..##.#
#...o...#...♣.♣♣♣ ### #..
..##.###............♣..♣#...#
#..
.###.#...o.........♣♣♣♣.+...#
#.. o###.#.........#..♣♣
♣♣#..)# #..


You could see an ogre, an orc priest and an orc.

Vanquished Creatures
  Sigmund (D:3)
  2 adders (D:2)
  A gnoll (D:1)
  A worm (D:2)
  4 dart slugs
  5 ball pythons
  4 endoplasms
  2 giant cockroaches (D:3)
  3 goblins
  2 hobgoblins
  4 jackals (D:1)
  4 kobolds
  2 quokkas
  4 bats
  2 frilled lizards
  2 rats
43 creatures vanquished.

Notes
Turn   | Place    | Note
-------+----------+-------------------------------------------
     0 | D:1      | CryoSword the Demonspawn Fighter began the quest for the
                  | Orb.
     0 | D:1      | Reached XP level 1. HP: 18/18 MP: 1/1
   149 | D:1      | Reached skill level 2 in Axes
   167 | D:1      | Gained mutation: When seriously injured, your blood forms
                  | armour. (AC +6) [demonic ancestry]
   167 | D:1      | Reached XP level 2. HP: 19/24 MP: 2/2
   245 | D:1      | Found a faded altar of an unknown god.
   608 | D:1      | Reached skill level 3 in Axes
   711 | D:1      | Reached XP level 3. HP: 21/29 MP: 3/3
   974 | D:2      | Found a hide-covered altar of Uskayaw.
  1423 | D:2      | Reached skill level 4 in Axes
  1423 | D:2      | Gained mutation: You are partially covered in sharp spines.
                  | [demonic ancestry]
  1423 | D:2      | Reached XP level 4. HP: 12/35 MP: 4/4
  1819 | D:3      | Found Azys's Armour Emporium.
  1839 | D:3      | Noticed Sigmund
  1857 | D:3      | Killed Sigmund
  1858 | D:3      | Reached skill level 5 in Axes
  1858 | D:3      | Reached XP level 5. HP: 21/41 MP: 5/5
  2100 | D:3      | Found a radiant altar of Vehumet.
  2331 | D:3      | Found a runed translucent door.
  2332 | D:3      | Noticed Crazy Yiuf
  2364 | D:3      | Noticed an ogre
  2385 | D:3      | Killed from afar by an orc priest

Illustrated notes

Levels and vault maps discovered:
D:1:      dpeg_arrival_brainrot, layout_basic,
          hellmonk_ecumenical_altar_lost_god
D:2:      layout_loops_cross, basic_altar
D:3:      layout_basic, doesnt_xom_only_xom,
          mainiacjoe_overflow_surrounded_room, serial_shops, shop_statue,
          minmay_misc_feat_x, grunt_ministairs_6, uniq_crazy_yiuf_cottage,
          uniq_robin, uniq_sigmund

Skill      XL: |  1  2  3  4 |
---------------+-------------+-----
Axes           | 2 3 4 5 |  5.5
Fighting       | |  3.0
Armour         | |  2.6
Shields        | |  2.6

Action                   |  1- 3 |  4- 6 || total
-------------------------+-------+-------++-------
Melee: War axe           |   103 |    21 ||   124
Throw: Throwing net      |       |     1 ||     1
  Use: Potion            |       |     1 ||     1
Armor: Scale mail        |    75 |     7 ||    82
Dodge: Dodged            |    71 |     9 ||    80
Block: Buckler           |    31 |     5 ||    36
       Reflection        |       |     1 ||     1
